 Dungeon Crawl Stone Soup version 0.21.0-34-g9234887 (webtiles) character file.

813 Lathuz the Basher (level 7, -10/41 HPs)
             Began as a Gargoyle Fighter on Jan 29, 2018.
             Was a Believer of Okawaru.
             Mangled by an ogre
             ... wielding a +0 giant club
              (24 damage)
             ... on level 5 of the Dungeon.
             The game lasted 00:11:09 (3931 turns).

Lathuz the Basher (Gargoyle Fighter)                Turns: 3931, Time: 00:11:09

Health: -10/41     AC: 17    Str: 20    XL:     7   Next: 93%
Magic:  7/7        EV:  5    Int:  9    God:    Okawaru [**....]
Gold:   183        SH:  9    Dex: 10    Spells: 6/6 levels left

rFire    . . .     SeeInvis .   a - +0 flail
rCold    . . .     Gourm    .   c - +0 shield
rNeg     + . .     Faith    .   t - +0 chain mail
rPois    ∞         Spirit   .   (no helmet)
rElec    +         Reflect  .   (no cloak)
rCorr    .         Harm     .   (no gloves)
MR       .....                  u - +2 pair of boots {Fly}
Stlth    ..........             (no amulet)
HPRegen  0.13/turn              d - ring of stealth
MPRegen  0.10/turn              r - ring of stealth

@: flying
A: negative energy resistance 1, electricity resistance, unbreathing,
petrification resistance, rot immunity, AC +4
a: Heroism, Renounce Religion, Stop Flying


You were on level 5 of the Dungeon.
You worshipped Okawaru.
Okawaru was pleased with you.
You were not hungry.

You visited 1 branch of the dungeon, and saw 5 of its levels.

You collected 183 gold pieces.

Inventory:

Hand Weapons
 a - a +0 flail (weapon)
Missiles
 b - 3 tomahawks (quivered)
 n - 47 stones
Armour
 c - a +0 shield (worn)
 e - +0 ice dragon scales
 t - a +0 chain mail (worn)
 u - a +2 pair of boots of flying (worn)
 v - a +0 cloak
Jewellery
 d - a ring of stealth (left hand)
 r - a ring of stealth (right hand)
Wands
 h - a wand of flame (19)
Scrolls
 g - a scroll of remove curse {unknown}
 i - 2 scrolls of noise {unknown}
 j - 3 scrolls of fog {unknown}
 k - 3 scrolls of identify {unknown}
 m - 4 scrolls of fear {unknown}
 p - 2 scrolls of amnesia {unknown}
 q - 3 scrolls of magic mapping {unknown}
 w - a scroll of enchant armour {unknown}
Potions
 l - a potion of agility {unknown}
 o - 2 potions of flight {unknown}
 s - a potion of heal wounds {unknown}
Comestibles
 f - 7 rations


   Skills:
 - Level 3.2 Fighting
 * Level 8.9 Maces & Flails
 - Level 3.2 Armour
 - Level 3.2 Shields


You had 6 spell levels left.
You didn't know any spells.

Dungeon Overview and Level Annotations

Branches:
Dungeon (5/15)
 Temple: D:4-7

Altars:
Elyvilon
Gozag
Okawaru
Qazlal
Ru
Xom
Yredelemnul
Zin

Shops:
D:4 *


Innate Abilities, Weirdness & Mutations

You are resistant to torment.
Your stone body is resilient. (AC +4)
You are immune to poison.
You resist negative energy. (rN+)
You are resistant to electric shocks. (rElec)
You can survive without breathing.
You are immune to petrification.
You are immune to rotting.


Message History

You hit the ogre.
The ogre is moderately wounded.
The ogre barely misses you.
Your shield and chain mail prevent you from hitting the ogre.
The ogre is moderately wounded.
The ogre hits you with a giant club.
You hit the ogre.
The ogre is heavily wounded.
You hit the ogre but do no damage.
The ogre is heavily wounded.
The ogre hits you with a giant club!
All of the chunks of flesh in your inventory have rotted away.
You sock the ogre!
The ogre is almost dead.
The ogre hits you with a giant club!
Your shield and chain mail prevent you from hitting the ogre.
The ogre is almost dead.
The ogre hits you with a giant club!!
Ouch! That really hurt!
You die...

#. .## ### ... $..
..##.####
#.#......
#......##
.#########.#.....#
.......@O.(...<...
############.....#
.._## ###


You could see an ogre.

Vanquished Creatures
  Sigmund (D:3)
  Eustachio (D:3)
  A phantom (D:4)
  A scorpion (D:4)
  2 orc priests
  A hound (D:4)
  An orc wizard (D:4)
  2 worker ants
  Robin (D:2)
  4 gnolls
  5 adders
  2 oozes
  3 worms
  2 dart slugs (D:2)
  4 leopard geckos
  18 orcs
  3 giant cockroaches
  13 goblins
  9 hobgoblins
  4 jackals (D:3)
  3 quokkas
  3 ball pythons
  2 bats
  5 frilled lizards
  9 kobolds
  9 rats
109 creatures vanquished.

Notes
Turn   | Place    | Note
-------+----------+-------------------------------------------
     0 | D:1      | Lathuz the Gargoyle Fighter began the quest for the Orb.
     0 | D:1      | Reached XP level 1. HP: 14/14 MP: 1/1
    37 | D:1      | Reached XP level 2. HP: 19/19 MP: 2/2
   329 | D:1      | Reached skill level 3 in Maces & Flails
   446 | D:2      | Found a glowing silver altar of Zin.
   457 | D:2      | Reached XP level 3. HP: 23/23 MP: 3/3
   458 | D:2      | Found an opulent altar of Gozag.
   492 | D:2      | Found an iron altar of Okawaru.
   506 | D:2      | Found a sacrificial altar of Ru.
   550 | D:2      | Reached skill level 4 in Maces & Flails
   550 | D:2      | Reached XP level 4. HP: 8/28 MP: 4/4
   852 | D:2      | Became a worshipper of Warmaster Okawaru
  1186 | D:3      | Noticed Sigmund
  1412 | D:2      | Reached skill level 5 in Maces & Flails
  1412 | D:2      | Reached XP level 5. HP: 28/32 MP: 5/5
  1491 | D:3      | Noticed Robin
  1665 | D:2      | Killed Robin
  1914 | D:3      | Reached skill level 6 in Maces & Flails
  1994 | D:3      | Reached XP level 6. HP: 37/37 MP: 6/6
  2062 | D:3      | Killed Sigmund
  2062 | D:3      | Reached * piety under Okawaru
  2062 | D:3      | Reached skill level 7 in Maces & Flails
  2542 | D:3      | Reached XP level 7. HP: 40/41 MP: 7/7
  2845 | D:4      | Noticed Eustachio
  3057 | D:3      | Killed Eustachio
  3057 | D:3      | Reached ** piety under Okawaru
  3057 | D:3      | Reached skill level 8 in Maces & Flails
  3466 | D:4      | Found Nolama's Needful Niceties.
  3517 | D:4      | Found a white marble altar of Elyvilon.
  3592 | D:4      | Found a basalt altar of Yredelemnul.
  3837 | D:4      | Found a stormy altar of Qazlal.
  3917 | D:5      | Entered Level 5 of the Dungeon
  3918 | D:5      | Found a shimmering altar of Xom.
  3931 | D:5      | Mangled by an ogre

Skill      XL: |  1  2  3  4  5  6  7 |
---------------+----------------------+-----
Maces & Flails | 3 4 5 6 7 8 |  8.9
Fighting       | |  3.2
Armour         | |  3.2
Shields        | |  3.2

Action                   |  1- 3 |  4- 6 |  7- 9 || total
-------------------------+-------+-------+-------++-------
Melee: Flail             |    73 |   231 |   123 ||   427
Throw: Stone             |     6 |    19 |    17 ||    42
       Tomahawk          |       |       |     7 ||     7
  Use: Potion            |     1 |       |       ||     1
 Stab: Sleeping          |       |     1 |       ||     1
  Eat: Chunk             |       |     6 |     4 ||    10
Armor: Scale mail        |    20 |    98 |       ||   118
       Chain mail        |       |    21 |   131 ||   152
       Skin              |       |     1 |       ||     1
Dodge: Dodged            |    17 |    50 |    40 ||   107
Block: Shield            |    32 |   126 |    87 ||   245
